 Dungeon Crawl Stone Soup version 0.23.2-40-g277498a (webtiles) character file.

Game seed: 10143109534444514972

32 Ilten the Skirmisher (level 3, -1/29 HPs)
             Began as a Demonspawn Abyssal Knight on Sept 23, 2019.
             Was a Follower of Lugonu.
             Slain by a worker ant (6 damage)
             ... on level 2 of the Dungeon.
             The game lasted 00:05:58 (1038 turns).

Ilten the Skirmisher (Demonspawn Abyssal Knight)    Turns: 1038, Time: 00:05:58

Health: -1/29      AC:  6    Str: 13    XL:     3   Next: 8%
Magic:  5/5        EV:  5    Int: 13    God:    Lugonu [*.....]
Gold:   43         SH: 10    Dex: 12    Spells: 2/2 levels left

rFire    . . .     SeeInvis .   a - +1 falchion
rCold    . . .     Gourm    .   k - +0 large shield
rNeg     . . .     Faith    .   d - +0 ring mail
rPois    .         Spirit   .   (no helmet)
rElec    .         Reflect  .   (no cloak)
rCorr    .         Harm     .   (no gloves)
MR       .....                  l - +0 pair of boots
Stlth    +.........             j - amulet of the acrobat
HPRegen  0.09/turn              (no ring)
MPRegen  0.09/turn              (no ring)

@: lethally poisoned (-1 -> -6), flying
A: claws 2
a: Depart the Abyss, Renounce Religion


You were on level 2 of the Dungeon.
You worshipped Lugonu.
Lugonu was aware of your devotion.
You were hungry.

You visited 1 branch of the dungeon, and saw 2 of its levels.
You visited the Abyss 1 time.

You collected 43 gold pieces.

Inventory:

Hand Weapons
 a - a +1 falchion (weapon)
Armour
 b - a +0 leather armour
 d - a +0 ring mail (worn)
 k - a +0 large shield (worn)
 l - a +0 pair of boots (worn)
Jewellery
 j - an amulet of the acrobat (around neck)
Scrolls
 f - a scroll of remove curse {unknown}
 g - a scroll of random uselessness {unknown}
 i - a scroll of identify {unknown}
Potions
 e - a potion of curing {unknown}
 h - a potion of flight
Comestibles
 c - 3 rations


   Skills:
 + Level 3.4 Fighting
 + Level 2.3 Long Blades
 + Level 2.1 Armour
 + Level 0.9 Dodging
 + Level 2.8 Invocations


You had 2 spell levels left.
You didn't know any spells.
Your spell library was empty.

Dungeon Overview and Level Annotations

Branches:
Dungeon (2/15)

Altars:
Kikubaaqudgha


Innate Abilities, Weirdness & Mutations

You have very sharp fingernails.


Message History

A worker ant comes into view.
The worker ant twitches its antennae in your direction.
You closely miss the worker ant. You block the worker ant's attack.
The worker ant bites you.
You completely miss the worker ant.
The worker ant bites you but does no damage.
You closely miss the worker ant. The worker ant bites you.
The worker ant bites you!
* * * LOW HITPOINT WARNING * * *
You closely miss the worker ant. The worker ant barely misses you.
The worker ant bites you.
* * * LOW HITPOINT WARNING * * *
You are lethally poisoned!
The worker ant poisons you!
It was a potion of flight.
You feel very buoyant.
You fly up into the air.
* * * LOW HITPOINT WARNING * * *
You feel sick. The worker ant bites you.
You die...

########.##
###########..@a<.....
#.......†...######...
#.########### #.# #.#
###.###### #........#
#.##.###.# #.##.#


You could see a worker ant.

Vanquished Creatures
  A worm (D:2)
  3 dart slugs
  A leopard gecko (D:2)
  2 giant cockroaches
  2 goblins
  2 hobgoblins (D:1)
  A kobold (D:2)
  2 ball pythons (D:2)
  3 bats
  4 frilled lizards
  2 rats
23 creatures vanquished.

Vanquished Creatures (others)
  A human (D:2)
1 creature vanquished.

Grand Total: 24 creatures vanquished

Notes
Turn   | Place    | Note
-------+----------+-------------------------------------------
     0 | Abyss:1  | Ilten the Demonspawn Abyssal Knight began the quest for the
                  | Orb.
     0 | Abyss:1  | Reached XP level 1. HP: 18/18 MP: 2/2
     0 | D:1      | Escaped the Abyss
   279 | D:1      | Gained mutation: You have sharp fingernails. [demonic
                  | ancestry]
   279 | D:1      | Reached XP level 2. HP: 24/24 MP: 4/4
   721 | D:2      | Reached * piety under Lugonu
   764 | D:2      | Found an ancient bone altar of Kikubaaqudgha.
   767 | D:2      | Noticed a human
   770 | D:2      | Killed a human
   953 | D:2      | Gained mutation: You have very sharp fingernails. [demonic
                  | ancestry]
   953 | D:2      | Reached XP level 3. HP: 29/29 MP: 5/5
  1038 | D:2      | Slain by a worker ant

Skill      XL: |  1  2 |
---------------+-------+-----
Long Blades    | 2 |  2.3
Armour         | 2 |  2.1
Fighting       | |  3.4
Dodging        | |  0.9
Invocations    | |  2.8

Action                   || total
-------------------------++-------
Melee: Falchion          ||    78
Invok: Depart the Abyss  ||     1
  Use: Potion            ||     1
Armor: Ring mail         ||    39
Dodge: Dodged            ||    34
Block: Large shield      ||    27
       Rpst.: Falchion   ||     8
